 Dungeon Crawl Stone Soup version 0.30-a0-782-ge64f9170bb (webtiles) character file.

Game seed: 1012782849939427967

121 IndexError the Shooter (level 5, -2/32 HPs)
             Began as a Gargoyle Hunter on Mar 2, 2023.
             Killed from afar by Natasha (6 damage)
             ... with a magic dart
             ... on level 2 of the Dungeon.
             The game lasted 00:02:14 (1177 turns).

IndexError the Shooter (Gargoyle Hunter)            Turns: 1177, Time: 00:02:14

Health: -2/32      AC:  8    Str: 14    XL:     5   Next: 5%
Magic:  5/5        EV: 11    Int: 10    God:
Gold:   76         SH:  0    Dex: 15    Spells: 4/4 levels left

rFire   . . .      SeeInvis .    a - +0 shortbow
rCold   . . .      Faith    .    (shield currently unavailable)
rNeg    + . .      Spirit   .    c - +0 leather armour
rPois   ∞          Reflect  .    (no helmet)
rElec   +          Harm     .    (no cloak)
rCorr   .          Rampage  .    (no gloves)
Will    .....                    m - +0 pair of boots
Stlth   ++                       (no amulet)
HPRegen 0.25/turn                (no ring)
MPRegen 0.09/turn                (no ring)

@: no status effects
A: sickness immunity, AC +4, negative energy resistance 1, electricity
resistance, torment resistance 1, petrification resistance
a: no special abilities


You were on level 2 of the Dungeon.
You visited 1 branch of the dungeon, and saw 2 of its levels.

You collected 76 gold pieces.

Inventory:

Hand Weapons
 a - a +0 shortbow (weapon)
 b - a +4 whip
   (You took it off a gnoll on level 2 of the Dungeon)
Missiles
 p - a throwing net {=f, !d}
Armour
 c - a +0 leather armour (worn)
 m - a +0 pair of boots (worn)
   (You found it on level 2 of the Dungeon)
Jewellery
 g - an amulet of faith {Faith, !P}
   (You found it on level 1 of the Dungeon)
Scrolls
 d - 6 scrolls of identify {unknown}
 f - a scroll of fog {unknown}
 j - a scroll of blinking {unknown}
 l - a scroll of silence {unknown}
 n - 2 scrolls of teleportation {unknown}
 o - a scroll of poison {unknown}
 q - 2 scrolls of immolation {!r}
Potions
 e - 2 potions of might {unknown}
 h - 2 potions of curing {unknown}
 i - a potion of magic {unknown}
 k - 3 potions of invisibility {unknown}


   Skills:
 + Level 3.5 Fighting
 * Level 5.5 Ranged Weapons
 - Level 1.5 Dodging
 - Level 1.1 Stealth


You had 4 spell levels left.
You didn't know any spells.
Your spell library was empty.

Dungeon Overview and Level Annotations

Branches:
Dungeon (2/15)

Altars:

Annotations:
D:2 Natasha


Innate Abilities, Weirdness & Mutations

You are immune to sickness and miasma.
Your stone body is resilient. (AC +4)
You are immune to poison.
You resist negative energy. (rN+)
You are resistant to electric shocks. (rElec)
You are resistant to unholy torment.
You are immune to petrification.


Message History

Press: ? - help, Q - select action, (/) - cycle Shift-Dir - straight line, f - you That would be overly suicidal.
Okay, then.
Fire: a) +0 shortbow
Press: ? - help, Q - select action, (/) - cycle Shift-Dir - straight line, f - you That would be overly suicidal.
Okay, then.
Natasha, Servant of Life and Death comes into view.
Marking area around Natasha as unsafe for travelling.
Health restored: 32 You shoot an arrow.
The arrow completely misses Natasha.
No target in view!
No target in view!
Natasha is nearby!
Fire: a) +0 shortbow
Press: ? - help, Q - select action, (/) - cycle Shift-Dir - straight line, f/p - Natasha
Aim: Natasha (wandering, hasn't noticed you, 55% to hit)
You shoot an arrow. The arrow closely misses Natasha.
Fire: a) +0 shortbow
Press: ? - help, Q - select action, (/) - cycle Shift-Dir - straight line, f/p - Natasha
Aim: Natasha (55% to hit)
You shoot an arrow.
The arrow hits Natasha but does no damage.
Natasha casts a spell at you.
You feel yourself slow down.
Fire: a) +0 shortbow
Press: ? - help, Q - select action, (/) - cycle Shift-Dir - straight line, f/p - Natasha
Aim: Natasha (55% to hit)
You shoot an arrow. The arrow hits Natasha!
Natasha mumbles some strange words.
You shoot an arrow.
The arrow closely misses the shadow imp.
Natasha casts a spell at you. The magic dart hits you!
The shadow imp gestures at you. Pain shoots through your body!
You shoot an arrow. The arrow hits the shadow imp.
Natasha mumbles some strange words.
The shadow imp hits you.
You take 11 damage, and have 21/32 hp.
MASSIVE DAMAGE!!
You shoot an arrow.
The arrow hits the shadow imp but does no damage.
The shadow imp barely misses you.
The shadow imp laughs crazily.
Natasha stares at you and mumbles some strange words.
You resist with some effort.
The shadow imp shouts, "Away with thee, thou bawdy elf-skinned Cock-Lorel!"
The shadow imp hits you.
You take 1 damage, and have 20/32 hp.
Fire: a) +0 shortbow
Press: ? - help, Q - select action, (/) - cycle Shift-Dir - straight line, f/p - shadow imp
Aim: a shadow imp (lightly wounded, summoned, 58% to hit)
You shoot an arrow. The arrow hits the shadow imp!
The shadow imp disappears in a puff of smoke!
Natasha claws you. Natasha barely misses you. The shadow imp barely misses you.
You take 1 damage, and have 19/32 hp.
Fire: a) +0 shortbow
Press: ? - help, Q - select action, (/) - cycle Shift-Dir - straight line, f - shadow imp
Aim: a shadow imp (grey smoke, summoned, 58% to hit)
You shoot an arrow. The arrow barely misses the shadow imp.
Natasha claws you but does no damage.
The shadow imp shouts, "Embrace thy fall, thou unmuzzled doghearted hugger-mugger!"
The shadow imp hits you. Natasha claws you but does no damage.
The shadow imp hits you but does no damage.
You take 2 damage, and have 17/32 hp.
Fire: a) +0 shortbow
Press: ? - help, Q - select action, (/) - cycle Shift-Dir - straight line, f/p - shadow imp
Aim: a shadow imp (summoned, 58% to hit)
You shoot an arrow. The arrow barely misses the shadow imp.
Natasha closely misses you.
The shadow imp hits you but does no damage.
Natasha claws you but does no damage. The shadow imp barely misses you.
Fire: a) +0 shortbow
Press: ? - help, Q - select action, (/) - cycle Shift-Dir - straight line, f/p - shadow imp
Aim: a shadow imp (summoned, 58% to hit)
You shoot an arrow. The arrow barely misses the shadow imp.
Natasha mumbles some strange words.
The shadow imp hits you but does no damage.
Natasha claws you. The shadow imp gestures at you.
Pain shoots through your body!
You take 8 damage, and have 10/32 hp.
MASSIVE DAMAGE!!
Fire: a) +0 shortbow
Press: ? - help, Q - select action, (/) - cycle Shift-Dir - straight line, f/p - shadow imp
Aim: a shadow imp (summoned, 58% to hit)
You shoot an arrow. The arrow hits the shadow imp.
Natasha claws you but does no damage.
The shadow imp hits you but does no damage.
Natasha claws you!
* * * LOW HITPOINT WARNING * * *
The shadow imp barely misses you.
You take 7 damage, and have 3/32 hp.
MASSIVE DAMAGE!!
Fire: a) +0 shortbow
Press: ? - help, Q - select action, (/) - cycle Shift-Dir - straight line, f/p - shadow imp
Aim: a shadow imp (summoned, 58% to hit)
You shoot an arrow. The arrow hits the shadow imp!
You feel yourself speed up.
Natasha stares at you and mumbles some strange words.
The magic dart hits you.
You die...

†..## .. ##..####... .#
.........# ########.#
.........# ##.........
.#..####..# ##..........
###.....#..##...........
# #.###...........?.....
#...##### #....5$.....
#####...# #...@h......
........#####....5......
............##..........
.......###....#.........
)<.....# ###...#######.#
......)#####.#.# #
.................#
...<...#####.#####
.......# #..##


You could see Natasha, a white imp (summoned) and a shadow imp (summoned).

Vanquished Creatures
  4 gnolls (D:2)
  4 adders (D:2)
  2 worms (D:2)
  A dart slug (D:1)
  3 bats
  4 endoplasms
  2 giant cockroaches (D:2)
  3 goblins
  3 hobgoblins (D:1)
  2 quokkas
  4 ball pythons
  2 frilled lizards (D:1)
  4 kobolds
  4 rats (D:1)
42 creatures vanquished.

Notes
Turn   | Place    | Note
-------+----------+-------------------------------------------
     0 | D:1      | IndexError the Gargoyle Hunter began the quest for the Orb.
     0 | D:1      | Reached XP level 1. HP: 12/12 MP: 1/1
    53 | D:1      | Reached XP level 2. HP: 18/18 MP: 2/2
   339 | D:1      | Reached XP level 3. HP: 22/22 MP: 3/3
   624 | D:2      | Reached skill level 3 in Fighting
   812 | D:2      | Reached skill level 5 in Ranged Weapons
   864 | D:2      | Reached XP level 4. HP: 28/28 MP: 4/4
  1041 | D:2      | HP: 7/28 [gnoll/+0 club (4)]
  1043 | D:2      | Reached XP level 5. HP: 9/32 MP: 5/5
  1144 | D:2      | Noticed Natasha
  1176 | D:2      | HP: 3/32 [Natasha (7)]
  1177 | D:2      | Killed from afar by Natasha

Illustrated notes

Levels and vault maps discovered:
D:1:      co_arrival_square_in_a_square_in_a_square, layout_basic
D:2:      layout_rooms, uniq_natasha

Skill      XL: |  1  2  3 |
---------------+----------+-----
Fighting       | 3 |  3.5
Ranged Weapons | 5 |  5.5
Dodging        | |  1.5
Stealth        | |  1.1

Action                     |  1- 3 |  4- 6 || total
---------------------------+-------+-------++-------
  Melee: Whip              |       |     6 ||     6
   Fire: Shortbow          |    92 |    42 ||   134
 Armour: Leather armour    |    18 |    10 ||    28
  Dodge: Dodged            |    19 |    12 ||    31

Table legend: (Time is in decaauts)
 A = Elapsed time spent in this place.
 B = Non-inter-level travel time spent in this place.
 C = Inter-level travel time spent in this place.
 D = Time resting spent in this place.
 E = Time spent auto-exploring this place.
 F = Levels seen in this place.
 G = Mean time per level.
                   A        B        C        D        E       F      G
               +--------+--------+--------+--------+--------+-----+--------+
         Total |   1220 |   1160 |     60 |      0 |    895 |   2 |  610.0 |
       Dungeon |   1220 |   1160 |     60 |      0 |    895 |   2 |  610.0 |
               +--------+--------+--------+--------+--------+-----+--------+

Top non-repeatable levels by time:
     D:1: 694 daAuts
     D:2: 526 daAuts

Table legend:
 A = Kills in this place as a percentage of kills in entire the game.
 B = Kills by you in this place as a percentage of kills by you in the entire game.
 C = Kills by friends in this place as a percentage of kills by friends in the entire game.
 D = Other kills in this place as a percentage of other kills in the entire game.
 E = Experience gained in this place as a percentage of experience gained in the entire game.
 F = Experience gained in this place divided by the number of levels of this place that you have seen.
                   A       B       C       D       E      F
               +-------+-------+-------+-------+-------+----------------------
         Total | 100.0 | 100.0 |   N/A |   N/A | 100.0 |  86.5
       Dungeon | 100.0 | 100.0 |   N/A |   N/A | 100.0 |  86.5
               +-------+-------+-------+-------+-------+----------------------
